PIO (24 & UNDER)
EAU CLAIRE ESQUIRES @ SEATTLE RAINIERS
09/23/2029
 
TOP OF THE 1ST
Eau Claire Esquires batting - Pitching for Seattle Rainiers : RHP Ángel Estrada
Pitching: RHP Ángel Estrada
Batting: RHB Jason Smith 0-0: Called Strike
0-1: Called Strike
0-2: Strikes out looking
Batting: RHB Art Cornell 0-0: Ball
1-0: Swinging Strike
1-1: Swinging Strike
1-2: Foul Ball, location: 2F
1-2: Ball
2-2: Foul Ball, location: 2F
2-2: Ball
3-2: Strikes out swinging
Batting: RHB Jonathan Reynolds 0-0: Swinging Strike
0-1: Foul Ball, location: 2F
0-2: Strikes out swinging
Top of the 1st over - 0 runs, 0 hits, 0 errors, 0 left on base; Eau Claire 0 - Seattle 0
BOTTOM OF THE 1ST
Seattle Rainiers batting - Pitching for Eau Claire Esquires : RHP Rafael Souza
Pitching: RHP Rafael Souza
Batting: RHB Roberto Casas 0-0: Called Strike
0-1: Ball
1-1: Ground out 5-3 (Groundball, 56S)
Batting: RHB Jesús Vélez 0-0: SINGLE (Flyball, 9S)
Batting: LHB Darren Cook 0-0: Called Strike
0-1: Ball
1-1: Ball
2-1: SINGLE (Flyball, 9LS)
Jesús Vélez to second
Runner from 2nd tries for 3rd, SAFE, no throw
Batting: LHB David Hernández 0-0: Swinging Strike
0-1: Foul Ball, location: 2F
0-2: Foul Ball, location: 2F
0-2: Ball
1-2: SINGLE (Groundball, 6MD)
Jesús Vélez scores
Darren Cook to second
Batting: RHB Jesús Ortíz 0-0: Called Strike
0-1: Ball
1-1: Fly out, F8 (Flyball, 8LM)
Batting: RHB John Eaves 0-0: Swinging Strike
0-1: Ball
1-1: Called Strike
1-2: Strikes out swinging
Bottom of the 1st over - 1 run, 3 hits, 0 errors, 2 left on base; Eau Claire 0 - Seattle 1
TOP OF THE 2ND
Eau Claire Esquires batting - Pitching for Seattle Rainiers : RHP Ángel Estrada
Batting: RHB Silas Small 0-0: SINGLE (Groundball, 56D)
Batting: RHB Luis Cherena 0-0: Called Strike
0-1: Ball
1-1: SINGLE (Groundball, 6MD)
Silas Small to second
Batting: LHB Steve Arnold 0-0: Called Strike
0-1: Ball
1-1: Ball
2-1: Ball
3-1: Foul Ball, location: 2F
3-2: Base on Balls
Silas Small to third
Luis Cherena to second
Batting: RHB Vincente Ramírez 0-0: Ball
1-0: Called Strike
1-1: Fly out, F8 (Flyball, 8RD)
Runner from 3rd tags up, SCORES, throw made
Batting: RHB Matt Cole 0-0: Ball
1-0: Ball
2-0: Called Strike
2-1: SINGLE (Groundball, 56D)
Luis Cherena to third
Steve Arnold to second
Runner from 3rd tries for Home, SAFE, no throw
Batting: RHB Nick McIntyre 0-0: Called Strike
0-1: Ball
1-1: Ball
2-1: Foul Ball, location: 2F
2-2: Strikes out swinging
Batting: RHB Jason Smith 0-0: Ball
1-0: Ground out 6-3 (Groundball, 6)
Top of the 2nd over - 2 runs, 3 hits, 0 errors, 2 left on base; Eau Claire 2 - Seattle 1
BOTTOM OF THE 2ND
Seattle Rainiers batting - Pitching for Eau Claire Esquires : RHP Rafael Souza
Batting: RHB Chad Battle 0-0: Swinging Strike
0-1: Foul Ball, location: 2F
0-2: Strikes out swinging
Batting: SHB Dwight Hill 0-0: Foul Ball, location: 2F
0-1: Fly out, F7 (Flyball, 7S)
Batting: RHB Cal Cox 0-0: Swinging Strike
0-1: SINGLE (Groundball, 56D)
Batting: RHB Roberto Casas 0-0: Ball
1-0: Foul Ball, location: 2F
1-1: Fly out, F8 (Flyball, 78D)
Bottom of the 2nd over - 0 runs, 1 hit, 0 errors, 1 left on base; Eau Claire 2 - Seattle 1
TOP OF THE 3RD
Eau Claire Esquires batting - Pitching for Seattle Rainiers : RHP Ángel Estrada
Batting: RHB Art Cornell 0-0: Fly out, F7 (Flyball, 7S)
Batting: RHB Jonathan Reynolds 0-0: Called Strike
0-1: Foul Ball, location: 2F
0-2: Ball
1-2: Strikes out looking
Batting: RHB Silas Small 0-0: Swinging Strike
0-1: Foul Ball, location: 2F
0-2: Ball
1-2: SOLO HOME RUN (Line Drive, 89XD), Distance : 436 ft
Batting: RHB Luis Cherena 0-0: Called Strike
0-1: Fly out, F5 (Line Drive, 5S)
Top of the 3rd over - 1 run, 1 hit, 0 errors, 0 left on base; Eau Claire 3 - Seattle 1
BOTTOM OF THE 3RD
Seattle Rainiers batting - Pitching for Eau Claire Esquires : RHP Rafael Souza
Batting: RHB Jesús Vélez 0-0: Called Strike
0-1: Foul Ball, location: 2F
0-2: Ball
1-2: Ball
2-2: Strikes out looking
Batting: LHB Darren Cook 0-0: Ball
1-0: Ball
2-0: Foul Ball, location: 2F
2-1: Foul Ball, location: 2F
2-2: Foul Ball, location: 2F
2-2: Ball
3-2: Ground out 6-3 (Groundball, 6)
Batting: LHB David Hernández 0-0: Called Strike
0-1: Ball
1-1: Ball
2-1: Swinging Strike
2-2: Ball
3-2: Strikes out looking
Bottom of the 3rd over - 0 runs, 0 hits, 0 errors, 0 left on base; Eau Claire 3 - Seattle 1
TOP OF THE 4TH
Eau Claire Esquires batting - Pitching for Seattle Rainiers : RHP Ángel Estrada
Batting: LHB Steve Arnold 0-0: Swinging Strike
0-1: Called Strike
0-2: Strikes out looking
Batting: RHB Vincente Ramírez 0-0: Ball
1-0: Called Strike
1-1: Ball
2-1: Called Strike
2-2: Foul Ball, location: 2F
2-2: Foul Ball, location: 2F
2-2: Ball
3-2: Strikes out swinging
Batting: RHB Matt Cole 0-0: Ball
1-0: Ball
2-0: Ball
3-0: Called Strike
3-1: Called Strike
3-2: Strikes out swinging
Top of the 4th over - 0 runs, 0 hits, 0 errors, 0 left on base; Eau Claire 3 - Seattle 1
BOTTOM OF THE 4TH
Seattle Rainiers batting - Pitching for Eau Claire Esquires : RHP Rafael Souza
Batting: RHB Jesús Ortíz 0-0: Fly out, F8 (Flyball, 8LXD)
Batting: RHB John Eaves 0-0: Swinging Strike
0-1: Ball
1-1: Ground out 1-3 (Groundball, P)
Batting: RHB Chad Battle 0-0: Ball
1-0: Fly out, F7 (Flyball, 7D)
Bottom of the 4th over - 0 runs, 0 hits, 0 errors, 0 left on base; Eau Claire 3 - Seattle 1
TOP OF THE 5TH
Eau Claire Esquires batting - Pitching for Seattle Rainiers : RHP Ángel Estrada
Batting: RHB Nick McIntyre 0-0: Swinging Strike
0-1: Called Strike
0-2: Strikes out swinging
Batting: RHB Jason Smith 0-0: Called Strike
0-1: Foul Ball, location: 2F
0-2: SINGLE (Groundball, 34D)
Batting: RHB Art Cornell 0-0: Ball
1-0: Ball
2-0: Ball
3-0: Called Strike
3-1: Foul Ball, location: 2F
3-2: Strikes out swinging
Batting: RHB Jonathan Reynolds 0-0: Ball
1-0: SINGLE (Groundball, 56S) (infield hit)
Jason Smith to second
Batting: RHB Silas Small 0-0: Ball
1-0: Called Strike
1-1: Ball
2-1: Ground out 6-3 (Groundball, 6S)
Top of the 5th over - 0 runs, 2 hits, 0 errors, 2 left on base; Eau Claire 3 - Seattle 1
BOTTOM OF THE 5TH
Seattle Rainiers batting - Pitching for Eau Claire Esquires : RHP Rafael Souza
Batting: SHB Dwight Hill 0-0: Called Strike
0-1: Ball
1-1: Fly out, F8 (Flyball, 78D)
Batting: RHB Cal Cox 0-0: Called Strike
0-1: Swinging Strike
0-2: Foul Ball, location: 2F
0-2: Ball
1-2: Ball
2-2: Foul Ball, location: 2F
2-2: Foul Ball, location: 2F
2-2: Ball
3-2: Strikes out swinging
Batting: RHB Roberto Casas 0-0: Fly out, F7 (Flyball, 7)
Bottom of the 5th over - 0 runs, 0 hits, 0 errors, 0 left on base; Eau Claire 3 - Seattle 1
TOP OF THE 6TH
Eau Claire Esquires batting - Pitching for Seattle Rainiers : RHP Ángel Estrada
Batting: RHB Luis Cherena 0-0: Called Strike
0-1: Swinging Strike
0-2: Strikes out swinging
Batting: LHB Steve Arnold 0-0: Ball
1-0: Foul Ball, location: 2F
1-1: Called Strike
1-2: Ball
2-2: Ball
3-2: Base on Balls
Batting: RHB Vincente Ramírez 0-0: Ball
1-0: Grounds into double play, 6-4-3 (Groundball, 6)
Top of the 6th over - 0 runs, 0 hits, 0 errors, 0 left on base; Eau Claire 3 - Seattle 1
BOTTOM OF THE 6TH
Seattle Rainiers batting - Pitching for Eau Claire Esquires : RHP Rafael Souza
Batting: RHB Jesús Vélez 0-0: Foul Ball, location: 2F
0-1: Ball
1-1: Swinging Strike
1-2: Strikes out swinging
Batting: LHB Darren Cook 0-0: Ball
1-0: Called Strike
1-1: Ball
2-1: Ball
3-1: Base on Balls
Batting: LHB David Hernández 0-0: Ball
1-0: Called Strike
1-1: Called Strike
1-2: Ball
2-2: Ball
3-2: Foul Ball, location: 2F
3-2: Fly out, F7 (Flyball, 78S)
Batting: RHB Jesús Ortíz 0-0: Called Strike
0-1: Ball
1-1: Ball
2-1: Fly out, F8 (Flyball, 8LM)
Bottom of the 6th over - 0 runs, 0 hits, 0 errors, 1 left on base; Eau Claire 3 - Seattle 1
TOP OF THE 7TH
Eau Claire Esquires batting - Pitching for Seattle Rainiers : RHP Ángel Estrada
Batting: RHB Matt Cole 0-0: Ball
1-0: Called Strike
1-1: Fly out, F6 (Popup, 6S)
Batting: RHB Nick McIntyre 0-0: Ball
1-0: Ground out U3 (Groundball, 34)
Batting: RHB Jason Smith 0-0: Called Strike
0-1: Swinging Strike
0-2: Strikes out swinging
Top of the 7th over - 0 runs, 0 hits, 0 errors, 0 left on base; Eau Claire 3 - Seattle 1
BOTTOM OF THE 7TH
Seattle Rainiers batting - Pitching for Eau Claire Esquires : RHP Rafael Souza
Batting: RHB John Eaves 0-0: Called Strike
0-1: Ball
1-1: Ground out 5-3 (Groundball, 56S)
Batting: RHB Chad Battle 0-0: SOLO HOME RUN (Flyball, 7LD), Distance : 387 ft
Batting: SHB Dwight Hill 0-0: Ball
1-0: Foul Ball, location: 2F
1-1: Foul Ball, location: 2F
1-2: Hit by Pitch
Pinch Hitting: SHB Vicente Pagán 0-0: Swinging Strike
0-1: Foul Ball, location: 2F
0-2: Fly out, F7 (Flyball, 7LSF)
Pinch Hitting: RHB Steve Smith 0-0: Called Strike
0-1: Swinging Strike
0-2: Ground out 5-3 (Groundball, 56S)
Bottom of the 7th over - 1 run, 1 hit, 0 errors, 1 left on base; Eau Claire 3 - Seattle 2
TOP OF THE 8TH
Eau Claire Esquires batting - Pitching for Seattle Rainiers : RHP Ángel Estrada
Pitching: RHP José Rivera
Now at SS: Troy Holland
Now in LF: Vicente Pagán
Batting: RHB Art Cornell 0-0: Called Strike
0-1: Ball
1-1: Ball
2-1: Ball
3-1: Foul Ball, location: 2F
3-2: Base on Balls
Pinch Hitting: LHB Paul Lee 0-0: Called Strike
0-1: Ball
1-1: Fielders Choice at 2nd, 3-6 (Groundball, 34)
Pinch Hitting: RHB Juan Martínez 0-0: Called Strike
0-1: Swinging Strike
0-2: Strikes out looking
Paul Lee steals 2nd base
Batter strikes out.
Batting: RHB Luis Cherena 0-0: Ball
1-0: Ball
2-0: Foul Ball, location: 2F
2-1: Swinging Strike
2-2: Strikes out swinging
Top of the 8th over - 0 runs, 0 hits, 0 errors, 1 left on base; Eau Claire 3 - Seattle 2
BOTTOM OF THE 8TH
Seattle Rainiers batting - Pitching for Eau Claire Esquires : RHP Rafael Souza
Pitching: RHP Clarence Holmes
Now at 3B: Jorge Garza
Now at SS: Felipe Gallardo
Batting: RHB Jesús Vélez 0-0: Foul Ball, location: 2F
0-1: Ball
1-1: SOLO HOME RUN (Flyball, 7LD), Distance : 369 ft
Batting: LHB Darren Cook 0-0: Ball
1-0: Called Strike
1-1: Fly out, F7 (Flyball, 78S)
Batting: LHB David Hernández 0-0: Called Strike
0-1: Fly out, F7 (Flyball, 7)
Batting: RHB Jesús Ortíz 0-0: Swinging Strike
0-1: Ground out 5-3 (Groundball, 5)
Bottom of the 8th over - 1 run, 1 hit, 0 errors, 0 left on base; Eau Claire 3 - Seattle 3
TOP OF THE 9TH
Eau Claire Esquires batting - Pitching for Seattle Rainiers : RHP José Rivera
Batting: LHB Steve Arnold 0-0: Swinging Strike
0-1: Ball
1-1: Ball
2-1: Ball
3-1: Swinging Strike
3-2: Foul Ball, location: 2F
3-2: Base on Balls
Pinch Runner at 1st Darren Campbell:
Batting: RHB Vincente Ramírez 0-0: Called Strike
0-1: Ball
1-1: Ball
2-1: Ball
3-1: DOUBLE (Line Drive, 9LM)
Darren Campbell to third
Pinch Hitting: LHB Johnny Foley 0-0: Intentional Walk
Pinch Hitting: RHB Edgardo Morales 0-0: Called Strike
0-1: Ball
1-1: Ball
2-1: Ball
3-1: Called Strike
3-2: Strikes out swinging
Batting: RHB Jason Smith 0-0: Ball
1-0: Ball
2-0: Ball
3-0: Called Strike
3-1: Foul Ball, location: 2F
3-2: Foul Ball, location: 2F
3-2: Base on Balls
Darren Campbell scores
Vincente Ramírez to third
Johnny Foley to second
Batting: RHB Art Cornell 0-0: Ball
1-0: Called Strike
1-1: Called Strike
1-2: Foul Ball, location: 2F
1-2: Ball
2-2: Fly out, F7 (Flyball, 78S)
Batting: RHB Jorge Garza 0-0: Ball
1-0: Called Strike
1-1: Ball
2-1: Foul Ball, location: 2F
2-2: Strikes out swinging
Top of the 9th over - 1 run, 1 hit, 0 errors, 3 left on base; Eau Claire 4 - Seattle 3
BOTTOM OF THE 9TH
Seattle Rainiers batting - Pitching for Eau Claire Esquires : RHP Clarence Holmes
Pitching: RHP Sam Faulkner
Now at C: Chet White
Now at SS: Darren Campbell
Now in RF: Johnny Foley
Pinch Hitting: LHB Pedro Camacho 0-0: Ball
1-0: Foul Ball, location: 2F
1-1: Swinging Strike
1-2: Foul Ball, location: 2F
1-2: Strikes out swinging
Pinch Hitting: LHB Arnold Bernard 0-0: Ball
1-0: Fly out, F4 (Line Drive, 34)
Batting: SHB Dwight Hill 0-0: Ball
1-0: Ground out 4-3 (Groundball, 4)
Bottom of the 9th over - 0 runs, 0 hits, 0 errors, 0 left on base; Eau Claire 4 - Seattle 3
Saturday, December 16th, 2017 - OOTP Baseball 18.8 Build 76